 Dungeon Crawl Stone Soup version 0.22-a0-305-gd21a89c538 (webtiles) character file.

176920 HereIgoKillingAgain the Devastator (level 17, -3/103 HPs)
             Began as a Deep Elf Conjurer on May 31, 2017.
             Was the Champion of Vehumet.
             Slain by an ice beast (4 damage)
             ... summoned by a deep elf mage
             ... on level 1 of the Elven Halls on Mar 30, 2018.
             The game lasted 02:27:21 (47701 turns).

HereIgoKillingAgain the Devastator (DECj)          Turns: 47701, Time: 02:27:21

Health: -3/103     AC: 14    Str: 10    XL:     17   Next: 24%
Magic:  13/48      EV: 25    Int: 26    God:    Vehumet [******]
Gold:   1200       SH: 14    Dex: 23    Spells: 4/48 levels left

rFire    . . .     SeeInvis +   E - +1 flail of Armageddon {holy, *Noise MR+ Str+3 Dex+8}
rCold    + + .     Gourm    .   P - +2 buckler
rNeg     . . .     Faith    .   N - +5 steam dragon scales
rPois    .         Spirit   .   v - +1 helmet {SInv}
rElec    .         Reflect  +   j - scarf {cloud immunity}
rCorr    .         Harm     .   U - +1 pair of gloves
MR       ++...     Rnd*Tele +   (no boots)
Stlth    +++.......             n - amulet of Lenucoca {Reflect rC+ SH+4}
HPRegen  0.27/turn              B - ring of protection from cold
MPRegen  0.31/turn              d - ring of magical power

@: no status effects
A: teleportitis 1
}: 1/15 runes: decaying
a: Renounce Religion


You were on level 1 of the Elven Halls.
You worshipped Vehumet.
Vehumet was exalted by your worship.
You were not hungry.

You visited 6 branches of the dungeon, and saw 29 of its levels.
You also visited: Bailey.

You collected 3044 gold pieces.
You spent 1844 gold pieces at shops.

Inventory:

Hand Weapons
 E - the +1 flail of Armageddon (weapon) {holy, *Noise MR+ Str+3 Dex+8}
   (You found it on level 7 of the Dungeon)

   It has been blessed by the Shining One to cause great damage to the undead
   and demons.
   It affects your strength (+3).
   It affects your dexterity (+8).
   It affects your resistance to hostile enchantments.
   It may make noises in combat.
Armour
 a - a +1 shield of fire resistance
 j - a scarf of cloud immunity (worn)
 v - a +1 helmet of see invisible (worn)
 N - +5 steam dragon scales (worn)
 P - a +2 buckler (worn)
 U - a +1 pair of gloves (worn)
 V - +0 acid dragon scales
Magical Staves
 m - an uncursed staff of death {unknown}
 I - an uncursed staff of air
Jewellery
 d - a ring of magical power (right hand)
 n - the amulet of Lenucoca (around neck) {Reflect rC+ SH+4}
   (You found it on level 1 of the Lair of Beasts)

   [amulet of reflection]

   It shields you and reflects attacks.
   It protects you from cold.
   It affects your SH (+4).
 s - a +3 ring of evasion
 y - a +3 ring of protection
 B - a ring of protection from cold (left hand)
 O - an uncursed ring of protection from fire
Wands
 b - a wand of disintegration (9)
 G - a wand of scattershot (9)
 S - a wand of polymorph (14)
Scrolls
 f - 15 scrolls of remove curse
 h - 6 scrolls of magic mapping
 i - 6 scrolls of removedness
 l - a scroll of identify
 o - a scroll of vulnerability
 q - a scroll of enchant weapon
 r - 3 scrolls of enchant armour
 w - a scroll of fear
 x - a scroll of amnesia
 M - 4 scrolls of fog
 Q - 2 scrolls of teleportation
 R - a scroll of torment
 X - 2 scrolls of immolation
Potions
 c - a potion of ambrosia
 e - 5 potions of agility
 g - a potion of brilliance
 k - 3 potions of cancellation
 p - 10 potions of curing
 t - 7 potions of lignification
 u - 5 potions of mutation
 z - 3 potions of flight
 D - a potion of resistance
 F - 2 potions of heal wounds
 H - a potion of berserk rage
 K - 6 potions of might
 L - a potion of magic
Miscellaneous
 C - a crystal ball of energy
Comestibles
 J - 4 rations


   Skills:
 - Level 10.4 Fighting
 - Level 13.4 Dodging
 - Level 2.4 Stealth
 - Level 9.5 Shields
 + Level 16.3 Spellcasting
 - Level 16.7 Conjurations
 * Level 12.3 Fire Magic
 - Level 6.6 Ice Magic
 * Level 7.6 Air Magic


You had 4 spell levels left.
You knew the following spells:

 Your Spells              Type           Power        Failure   Level  Hunger
a - Chain Lightning       Conj/Air       ######....   26%         8    #######
d - Fire Storm            Conj/Fire      #######...   69%         9    #######
g - Bolt of Cold          Conj/Ice       ######....   1%          6    ####...
h - Freezing Cloud        Conj/Ice/Air   ######....   1%          6    ####...
i - Inner Flame           Hex/Fire       ######..     1%          3    None
j - Dazzling Spray        Conj/Hex       ######       1%          3    None
k - Orb of Destruction    Conj           #######...   1%          7    #####..
o - Blink                 Tloc           N/A          3%          2    None


Dungeon Overview and Level Annotations

Branches:
Dungeon (15/15)            Temple (1/1) D:5            Lair (6/6) D:8
  Swamp (4/4) Lair:4       Spider (0/4) Lair:2        Slime (0/5) Lair:5
    Orc (2/2) D:11            Elf (1/3) Orc:2        Vaults (0/5) D:14
 Depths (0/5) D:15

Altars:
Ashenzari
Cheibriados
Dithmenos
Elyvilon
Fedhas
Gozag
Hepliaklqana
Kikubaaqudgha
Makhleb
Nemelex Xobeh
Okawaru
Qazlal
Ru
Sif Muna
Trog
Uskayaw
Vehumet
Wu Jian
Xom
Yredelemnul
Zin
The Shining One
Beogh
Jiyva

Shops:
D:4 *   D:6 }   D:8 =   D:11 :   D:14 ?   Orc:2 *(=(

Portals:
Trove: D:11 (give horn of Geryon)

Annotations:
D:7 2 runed doors, exclusion: orange crystal statue


Innate Abilities, Weirdness & Mutations

You are occasionally teleported next to monsters.


Message History

The ice beast freezes you. You resist.
The deep elf mage casts a spell.
The long sword of slicing misses you.
You hit the long sword of slicing but do no damage.
Your flail of Armageddon goes snicker-snack!
You hear a croak.
The ice beast barely misses you. The long sword of slicing hits you!
* * * LOW HITPOINT WARNING * * *
x2 You block the ice beast's attack.
The deep elf mage casts a spell at you. The shard of ice misses you.
The ice beast completely misses you. The ice beast closely misses you.
You block the long sword of slicing's attack.
You hit the long sword of slicing but do no damage.
You block the ice beast's attack. The long sword of slicing hits you!!
* * * LOW HITPOINT WARNING * * *
x2 The deep elf mage misses you.
The ice beast hits you.
* * * LOW HITPOINT WARNING * * *
The ice beast freezes you. You resist.
You die...

#. .... ..
... #. [.. #
#. ..
#.##.##Y#
...e..#####
##Y(e.[...#
#..@#.....?
#.#YY.....#
#.##.......#
##..........
#.........#
###.......#
###......
#.#### ##


You could see 2 deep elf magi, 4 ice beasts and a long sword of slicing.

Vanquished Creatures
  the Lernaean hydra (Swamp:4)
  Nikola (Swamp:1)
  Frances (Swamp:2)
  Donald (Swamp:4)
  2 thorn hunters
  The ghost of Dolanko the Bludgeoner, a journeyman DsGl of Wu Jian (Swamp:2)
  An orc warlord (Orc:1)
  2 ogre magi
  18 hydras
  Harold (Lair:1)
  A ghost crab (Swamp:4)
  2 death knights
  A catoblepas (Lair:6)
  Erica (D:11)
  The ghost of smzp the Cleaver, a novice MiMo of the Shining One (D:9)
  7 centaur warriors
  8 two-headed ogres
  5 death yaks (Lair:1)
  8 alligators
  The ghost of smzp the Martial Artist, a novice GnTm of Nemelex Xobeh (D:8)
  An orc high priest (Orc:2)
  Urug (D:15)
  A tengu warrior (D:12)
  Sonja (Lair:1)
  A deep elf knight (Elf:1)
  A fire crab (D:14)
  The ghost of yrara the Cudgeler, a novice DsFi of Okawaru (Bailey)
  5 unseen horrors
  A deep troll (D:14)
  2 shambling mangroves
  A glowing orange brain (D:13)
  15 swamp dragons
  7 orc knights
  4 cyclopes
  7 orc sorcerers
  2 oklob plants (Lair:4)
  A wolf spider (D:14)
  4 manticores
  8 deep elf magi
  23 ugly things
  A naga mage (D:15)
  2 black mambas
  12 spiny frogs
  5 elephants (Lair:6)
  The ghost of smzp the Chiller, a novice VSIE of Sif Muna (D:6)
  4 gargoyles
  5 komodo dragons
  An efreet (D:13)
  2 yaktaurs
  7 freezing wraiths
  A merfolk (D:9)
  A guardian mummy (D:11)
  6 hornets
  6 trolls
  7 polar bears
  8 tyrant leeches
  4 bog bodies
  12 meliai
  3 dream sheep (Lair:6)
  Prince Ribbit (Lair:3)
  27 blink frogs
  10 hippogriffs
  30 slime creatures
  6 shadows
  A centaur simulacrum (D:14)
  13 spriggans
  An air elemental (Elf:1)
  3 wraiths
  A tarantella (Lair:2)
  7 wyverns
  A vampire (D:9)
  5 basilisks
  A steam dragon (D:11)
  36 yaks
  5 hungry ghosts
  The ghost of yrara the Skirmisher, an amateur DsFi (D:3)
  11 wargs
  18 vampire mosquitoes
  A soldier ant (D:14)
  14 insubstantial wisps
  10 swamp worms
  3 acid dragons
  8 porcupines
  Duvessa (D:4)
  5 water moccasins
  3 sky beasts
  7 swamp drakes
  6 ice beasts
  36 orc warriors
  An eye of draining (shapeshifter) (D:14)
  4 phantoms
  6 black bears
  A hornet zombie (D:14)
  30 wolves
  14 ogres
  5 boggarts
  11 centaurs
  2 crocodiles
  5 big kobolds
  2 gnoll sergeants
  11 bullfrogs
  Dowan (D:4)
  A wyvern skeleton (D:11)
  5 scorpions
  A water moccasin zombie (D:8)
  19 killer bees
  8 wights
  2 electric eels (D:9)
  6 howler monkeys
  12 crimson imps
  6 bullfrog skeletons
  3 centaur zombies
  A quasit (D:10)
  A bullfrog zombie (D:9)
  3 centaur skeletons
  20 orc priests
  4 hounds
  9 jellies
  47 orc wizards
  4 iguanas
  10 worker ants
  3 hound skeletons
  A howler monkey zombie (D:10)
  7 gnolls
  A worker ant zombie (D:5)
  18 adders
  3 shadow imps
  4 oozes
  2 adder zombies
  2 adder skeletons
  7 worms
  A dart slug (D:1)
  8 leopard geckos
  153 orcs
  8 bats
  4 giant cockroaches
  16 goblins
  8 hobgoblins
  9 jackals
  2 quokkas
  5 frilled lizards
  2 jackal skeletons
  22 kobolds
  A leopard gecko zombie (D:5)
  2 quokka skeletons
  A quokka zombie (D:5)
  6 rats
  A bush (Lair:6)
  7 fungi
  13 plants
1083 creatures vanquished.

Vanquished Creatures (collateral kills)
  3 spriggans (Swamp:4)
  3 hornets (Swamp:4)
  A swamp drake (Swamp:4)
7 creatures vanquished.

Vanquished Creatures (others)
  2 centaur warriors
  A swamp dragon (Swamp:1)
  An unseen horror (D:12)
  An orc knight (D:14)
  A swamp worm (Swamp:1)
  5 orc warriors (Bailey)
  A centaur (D:15)
  4 orcs (Bailey)
  A kobold (D:9)
  A fire vortex (Swamp:4)
  17 fulminant prisms
  20 fungi
  8 plants
  8 toadstools (D:7)
71 creatures vanquished.

Grand Total: 1161 creatures vanquished

Notes
Turn   | Place    | Note
-------+----------+-------------------------------------------
     0 | D:1      | HereIgoKillingAgain the Deep Elf Conjurer began the quest for the Orb.
     0 | D:1      | Reached XP level 1. HP: 10/10 MP: 6/6
   221 | D:1      | Reached XP level 2. HP: 15/15 MP: 4/8
   711 | D:2      | Reached skill level 5 in Conjurations
   711 | D:2      | Reached XP level 3. HP: 16/19 MP: 1/10
   827 | D:2      | Found a faded altar of an unknown god.
   864 | D:2      | Reached skill level 1 in Shields
  1030 | D:2      | Found a hazy altar of Hepliaklqana.
  1089 | D:2      | Reached XP level 4. HP: 24/24 MP: 4/12
  1800 | D:3      | Noticed yrara's ghost (amateur DsFi)
  1856 | D:3      | Reached XP level 5. HP: 11/28 MP: 9/13
  2075 | D:3      | Learned a level 3 spell: Dazzling Spray
  2413 | D:3      | Found a stormy altar of Qazlal.
  2600 | D:3      | Reached skill level 5 in Spellcasting
  2909 | D:2      | Learned a level 4 spell: Iskenderun's Mystic Blast
  3067 | D:4      | Noticed an ogre
  3078 | D:4      | Found Bouniucw's General Store.
  3153 | D:4      | Killed an ogre
  3153 | D:4      | Reached XP level 6. HP: 32/32 MP: 4/15
  3869 | D:4      | Noticed Dowan
  3870 | D:4      | Noticed Duvessa
  3889 | D:5      | Entered Level 5 of the Dungeon
  4248 | D:3      | Learned a level 2 spell: Slow
  5125 | D:4      | Killed Duvessa
  5125 | D:4      | Reached XP level 7. HP: 7/36 MP: 1/17
  5135 | D:4      | Killed Dowan
  5893 | D:4      | Learned a level 2 spell: Searing Ray
  6534 | D:5      | Reached XP level 8. HP: 29/41 MP: 1/19
  7098 | D:5      | Found a staircase to the Ecumenical Temple.
  7109 | D:5      | Reached skill level 5 in Shields
  7127 | Temple   | Entered the Ecumenical Temple
  7266 | Temple   | Became a worshipper of Vehumet
  7990 | D:6      | Noticed smzp's ghost (novice VSIE)
  8148 | D:5      | Learned a level 3 spell: Conjure Flame
  8510 | D:6      | Found Omusseuw's Gadget Shoppe.
  9151 | D:6      | Reached XP level 9. HP: 28/45 MP: 0/23
  9526 | D:6      | Killed smzp's ghost
  9526 | D:6      | Reached skill level 10 in Conjurations
  9699 | D:7      | Found a runed door.
  9705 | D:7      | Noticed an orange crystal statue
  9722 | D:7      | Found a runed door.
  9813 | D:7      | Got a faintly glowing flail
  9815 | D:7      | Identified the +1 flail of Armageddon {holy, *Noise MR+ Str+3 Dex+8} (You found it on level 7 of the Dungeon)
 10243 | D:7      | Reached * piety under Vehumet
 10243 | D:7      | Offered knowledge of Freeze by Vehumet.
 11098 | D:7      | Reached skill level 10 in Spellcasting
 11602 | D:7      | Learned a level 2 spell: Blink
 11827 | D:8      | Found Sionan's Jewellery Boutique.
 11832 | D:8      | Reached skill level 1 in Fighting
 11832 | D:8      | Reached XP level 10. HP: 47/52 MP: 18/26
 11860 | D:8      | Noticed smzp's ghost (novice GnTm)
 11876 | D:8      | Found a staircase to the Lair.
 11903 | D:8      | Got a scorched dagger
 11904 | D:8      | Identified the +0 dagger "Caokoxez" {pierce, -Tele +Rage +Fly rC+ rN++} (You found it on level 8 of the Dungeon)
 11947 | D:8      | Offered knowledge of Sandblast by Vehumet.
 11951 | D:8      | Killed smzp's ghost
 12137 | D:8      | Reached ** piety under Vehumet
 12137 | D:8      | Reached skill level 5 in Dodging
 12588 | D:8      | Found an iron altar of Okawaru.
 13030 | D:9      | Offered knowledge of Static Discharge by Vehumet.
 13101 | D:9      | Found a deep blue altar of Sif Muna.
 13125 | D:9      | Noticed smzp's ghost (novice MiMo)
 13132 | D:9      | Reached *** piety under Vehumet
 13519 | D:9      | Killed smzp's ghost
 14167 | D:9      | Found a glowing silver altar of Zin.
 14701 | D:10     | Entered Level 10 of the Dungeon
 14917 | D:10     | Learned a level 4 spell: Fulminant Prism
 14951 | D:10     | Offered knowledge of Inner Flame by Vehumet.
 14957 | D:10     | Found a flagged portal.
 14962 | Bailey   | Entered a bailey
 14967 | Bailey   | Learned a level 3 spell: Inner Flame
 14972 | Bailey   | Reached XP level 11. HP: 60/60 MP: 21/28
 15027 | Bailey   | Noticed yrara's ghost (novice DsFi)
 15314 | Bailey   | Killed yrara's ghost
 15762 | Bailey   | Noticed an orc knight
 16140 | Bailey   | Killed an orc knight
 17100 | D:11     | Reached **** piety under Vehumet
 17182 | D:11     | Found an iron altar of Okawaru.
 17191 | D:11     | Offered knowledge of Iskenderun's Battlesphere by Vehumet.
 17199 | D:11     | Learned a level 5 spell: Iskenderun's Battlesphere
 17237 | D:11     | Found a portal to a secret trove of treasure.
 17393 | D:11     | Reached skill level 1 in Fire Magic
 17513 | D:11     | Reached skill level 5 in Fighting
 17555 | D:11     | Noticed an unseen horror
 17561 | D:11     | Killed an unseen horror
 17748 | D:11     | Noticed Erica
 17754 | D:11     | Killed Erica
 17884 | D:11     | Found Ikimaejy's Book Shoppe.
 17901 | D:11     | Noticed a four-headed hydra
 17908 | D:11     | Killed a four-headed hydra
 18004 | D:11     | Noticed a purple ugly thing
 18052 | D:11     | Killed a purple ugly thing
 18158 | D:11     | Found a roughly hewn altar of Beogh.
 18158 | D:11     | Found a staircase to the Orcish Mines.
 18158 | D:11     | Noticed an orc knight
 18159 | D:11     | Noticed an orc knight
 18446 | D:11     | Killed an orc knight
 18775 | D:11     | Killed an orc knight
 18775 | D:11     | Reached XP level 12. HP: 54/70 MP: 7/30
 19218 | Lair:1   | Entered Level 1 of the Lair of Beasts
 19492 | Lair:1   | Noticed Harold
 19498 | Lair:1   | Killed Harold
 19501 | Lair:1   | Reached ***** piety under Vehumet
 19501 | Lair:1   | Offered knowledge of Bolt of Fire by Vehumet.
 19809 | Lair:1   | Noticed Sonja
 19824 | Lair:1   | Killed Sonja
 19874 | Lair:1   | Noticed a death yak
 19965 | Lair:1   | Noticed a death yak
 19965 | Lair:1   | Noticed a death yak
 19967 | Lair:1   | Noticed a death yak
 19969 | Lair:1   | Noticed a death yak
 20693 | D:12     | Noticed a tengu warrior
 20707 | D:12     | Killed a tengu warrior
 20707 | D:12     | Reached skill level 10 in Dodging
 21102 | D:12     | Reached skill level 5 in Fire Magic
 21464 | D:12     | Noticed a death knight
 21484 | D:12     | Killed a death knight
 22225 | D:13     | Reached XP level 13. HP: 78/78 MP: 25/32
 23379 | Orc:1    | Entered Level 1 of the Orcish Mines
 23400 | Orc:1    | Paralysed by an orc sorcerer for 4 turns
 23908 | Orc:1    | Offered knowledge of Irradiate by Vehumet.
 24267 | D:11     | Bought a book of Ice for 1040 gold pieces
 24274 | D:11     | Learned a level 6 spell: Bolt of Cold
 24282 | D:11     | Learned a level 6 spell: Freezing Cloud
 24417 | D:14     | Found a sacrificial altar of Ru.
 24417 | D:14     | Found Juehipse's Magic Scroll Boutique.
 24422 | D:14     | Bought a scroll of identify for 22 gold pieces
 24422 | D:14     | Bought a scroll of identify for 22 gold pieces
 24585 | D:14     | Reached skill level 1 in Ice Magic
 24585 | D:14     | Reached skill level 1 in Air Magic
 25098 | D:14     | Found a snail-covered altar of Cheibriados.
 25199 | D:14     | Got a steaming leather armour
 25918 | D:14     | Reached XP level 14. HP: 86/86 MP: 15/34
 25980 | D:14     | Found a gate to the Vaults.
 26560 | D:14     | Offered knowledge of Bolt of Draining by Vehumet.
 26780 | D:14     | Reached skill level 5 in Ice Magic
 27304 | D:13     | Identified the +7 leather armour of Tethewai {*Slow Int+6 Slay+5} (You found it on level 14 of the Dungeon)
 27667 | D:14     | Identified a scroll of acquirement
 27687 | D:14     | Reached skill level 5 in Air Magic
 27961 | D:14     | Identified Weloonel's Collected Works on the Hurtful Birds
 28295 | Orc:2    | Entered Level 2 of the Orcish Mines
 29074 | Orc:2    | Found Leudgh's Jewellery Boutique.
 29074 | Orc:2    | Found Peda's Weapon Emporium.
 29487 | Orc:2    | Noticed an orc warlord
 29560 | Orc:1    | Upgraded the game from 0.21-a0-39-g28ea6b7 to 0.21-a0-51-gea492e9
 29896 | D:15     | Entered Level 15 of the Dungeon
 29897 | D:15     | Noticed Urug
 29908 | D:15     | Killed Urug
 30060 | D:15     | Reached skill level 10 in Fighting
 31183 | D:15     | Reached XP level 15. HP: 78/92 MP: 12/35
 31311 | D:15     | Found a snail-covered altar of Cheibriados.
 32078 | D:15     | Found Qier Exi's Food Emporium.
 32108 | D:15     | Reached ****** piety under Vehumet
 32143 | D:15     | Found a staircase to the Depths.
 32177 | D:15     | Got a faintly glowing iron amulet
 32450 | Orc:1    | Offered knowledge of Lightning Bolt by Vehumet.
 32467 | Orc:1    | Killed an orc warlord
 32467 | Orc:1    | Reached skill level 15 in Conjurations
 32862 | Orc:2    | Found a staircase to the Elven Halls.
 32923 | Orc:2    | Found Bajuc's Assorted Antiques.
 32923 | Orc:2    | Found Ozyoca's Antique Weapon Emporium.
 32928 | Orc:2    | Bought a scroll of identify for 58 gold pieces
 32928 | Orc:2    | Identified the amulet "Luewow" {+Rage rN+ Int+2} (You acquired it on level 15 of the Dungeon)
 32946 | Orc:2    | Found a roughly hewn altar of Beogh.
 33311 | Orc:2    | Found a roughly hewn altar of Beogh.
 33795 | Orc:2    | Bought a scroll of identify for 58 gold pieces
 33795 | Orc:2    | Bought a scroll labeled ARALEI FICOU for 29 gold pieces
 33805 | Orc:2    | Bought an ebony whip for 225 gold pieces
 33806 | Orc:2    | Identified the +4 whip of Malaise {holy, +Rage SInv} (You bought it in a shop on level 2 of the Orcish Mines)
 34156 | Lair:1   | Got a scorched garnet amulet
 34856 | Lair:2   | Found a hole to the Spider Nest.
 35396 | Lair:3   | Noticed Prince Ribbit
 35413 | Lair:3   | Killed Prince Ribbit
 35969 | Lair:3   | Offered knowledge of Orb of Destruction by Vehumet.
 36284 | Lair:4   | Reached skill level 15 in Spellcasting
 36453 | Lair:4   | Learned a level 7 spell: Orb of Destruction
 36455 | Lair:4   | Found a staircase to the Swamp.
 36477 | Lair:4   | Identified the amulet of Lenucoca {Reflect rC+ SH+4} (You found it on level 1 of the Lair of Beasts)
 37169 | Lair:5   | Found a staircase to the Slime Pits.
 37620 | Lair:5   | Found a viscous altar of Jiyva.
 37913 | Lair:5   | Got a warped ring mail
 37937 | Lair:6   | Entered Level 6 of the Lair of Beasts
 38386 | Lair:6   | Identified the cursed +1 ring mail "Unwisixt" {rC- rN+++ SInv} (You found it on level 5 of the Lair of Beasts)
 38717 | Lair:6   | Offered knowledge of Conjure Ball Lightning by Vehumet.
 39376 | Lair:6   | Reached XP level 16. HP: 98/98 MP: 19/37
 39395 | Lair:6   | Upgraded the game from 0.21-a0-51-gea492e9 to 0.21-a0-52-gbf49515
 39402 | Lair:6   | Reached skill level 10 in Fire Magic
 39817 | Swamp:1  | Entered Level 1 of the Swamp
 39898 | Swamp:1  | Noticed a thorn hunter
 39904 | Swamp:1  | Killed a thorn hunter
 40105 | Swamp:1  | Noticed Nikola
 40111 | Swamp:1  | Killed Nikola
 41132 | Swamp:1  | Upgraded the game from 0.21-a0-52-gbf49515 to 0.21-a0-113-g6841d05
 41312 | Swamp:2  | Noticed Dolanko's ghost (journeyman DsGl)
 41317 | Swamp:2  | Killed Dolanko's ghost
 41317 | Swamp:2  | Offered knowledge of Poison Arrow by Vehumet.
 42231 | Swamp:2  | Noticed Frances
 42237 | Swamp:2  | Killed Frances
 42291 | Swamp:2  | Noticed a thorn hunter
 42295 | Swamp:2  | Killed a thorn hunter
 42711 | Swamp:2  | Upgraded the game from 0.21-a0-113-g6841d05 to 0.21-a0-324-gfc3775b
 42711 | Swamp:2  | Upgraded the game from 0.21-a0-324-gfc3775b to 0.21-a0-633-g4c047d5f35
 44145 | Swamp:4  | Entered Level 4 of the Swamp
 44271 | Swamp:4  | Noticed Donald
 44284 | Swamp:4  | Killed Donald
 45066 | D:3      | Offered knowledge of Fire Storm by Vehumet.
 45066 | D:3      | Offered knowledge of Shatter by Vehumet.
 45066 | D:3      | Offered knowledge of Chain Lightning by Vehumet.
 45158 | D:3      | Killed yrara's ghost
 45470 | D:15     | Bought a ration for 65 gold pieces
 45470 | D:15     | Bought a ration for 65 gold pieces
 45470 | D:15     | Bought a ration for 65 gold pieces
 45470 | D:15     | Bought a ration for 65 gold pieces
 45470 | D:15     | Bought a ration for 65 gold pieces
 45470 | D:15     | Bought a ration for 65 gold pieces
 45491 | D:15     | Learned a level 9 spell: Fire Storm
 45503 | D:15     | Learned a level 8 spell: Chain Lightning
 46003 | Swamp:4  | Noticed the 27-headed Lernaean hydra
 46014 | Swamp:4  | Killed the 27-headed Lernaean hydra
 46014 | Swamp:4  | Reached XP level 17. HP: 14/103 MP: 36/39
 47170 | Swamp:4  | Gained mutation: You are occasionally teleported next to monsters. [a Zot trap]
 47276 | Swamp:4  | Got a decaying rune of Zot
 47440 | Swamp:3  | Upgraded the game from 0.21-a0-633-g4c047d5f35 to 0.22-a0-305-gd21a89c538
 47677 | Elf:1    | Entered Level 1 of the Elven Halls
 47701 | Elf:1    | HP: 4/103 [long sword of slicing (3)]
 47701 | Elf:1    | HP: 1/103 [ice beast[a deep elf mage] (3)]
 47701 | Elf:1    | Slain by an ice beast

Vault maps used:
D:1:      dpeg_arrival_fog, hex_tiny, minmay_fountain_box
D:2:      old_standard_altar, chequers_ecumenical_altar_island
D:3:      grunt_qazlal_sundering, minmay_unequal
D:4:      serial_shops, shop, first_bread, uniq_duvessa
D:5:      minmay_temple_entry_enclosed_plants
D:6:      minmay_shop_grid_forest
D:7:      cheibrodos_fertilizer, chequers_guarded_unrand_ignorance
D:8:      nicolae_overflow_crystal_walls, dpeg_oklobed_lair, serial_shops, shop
D:9:      old_standard_altar, basic_altar, hangedman_fish_farm, st_stairs_10,
          minivault_14
D:10:     enter_bailey_3
D:11:     david_orc_5, serial_shops, nicolae_shop_behind_doors,
          nicolae_trove_entry_path_of_doom, okawaru_ov_weapons_minmay,
          uniq_erica
D:13:     minmay_bloctagon_deflated, grunt_decor_fettered
D:14:     minmay_the_grid_3x2, david_vaults_1, basic_altar, interstate_on_off,
          serial_shops, shop, minmay_misc_feat_iff, minmay_ruined_shrine
D:15:     grunt_enter_depths_magical_seal, cheibriados_altar_1, serial_shops,
          nicolae_shop_trees, uniq_urug
Temple:   regret_index_temple_mists
Lair:1:   uniq_harold, uniq_sonja
Lair:2:   spider_nest_entry_rubble, lab_entry_generic
Lair:3:   st_stairs_12, grunt_megastairs_2, uniq_prince_ribbit2
Lair:4:   swamp_mist, minmay_lair_oklob_chamber
Lair:5:   slime_altar_1, lemuel_fruit_tree, serial_bayou_shore_b
Lair:6:   minmay_lair_end_enchanted_forest, st_stairs_10,
          grunt_forest_large_clearing_hut
Swamp:1:  nicolae_swamp_feature_on_the_river_bank, infiniplex_staircase_pool_2,
          uniq_nikola
Swamp:2:  evilmike_swamp_ruin_house_4, swamp_pool4, uniq_frances
Swamp:3:  serial_swamp_ruin, evilmike_swamp_ruin_house_3,
          hangedman_swamp_ruin_hall, hangedman_swamp_ruin_wall, swamp_pool3
Swamp:4:  swamp_old_school, swamp_pool1, hangedman_swamp_pad, uniq_donald
Orc:1:    special_room
Orc:2:    st_orc_town, bh_open_orc_temple
Elf:1:    basic_altar, serial_shops, shop, orc_legates, minmay_shop_grove
Bailey:   bailey_polearm_2, bailey

Skill      XL: |  1  2  3  4  5  6  7  8  9 10 11 12 13 14 15 16 17 |
---------------+----------------------------------------------------+-----
Conjurations   | 5 6 7 9 11 12 13 14 15 16 | 16.7
Spellcasting   | 4 5 6 8 10 11 12 13 14 15 16 | 16.3
Shields        | 1 2 3 4 5 6 8 9 |  9.5
Dodging        | 3 7 9 10 11 12 13 | 13.4
Fighting       | 1 3 6 7 9 10 | 10.4
Fire Magic     | 3 5 6 7 9 11 12 | 12.3
Ice Magic      | 4 6 |  6.6
Air Magic      | 3 5 6 7 |  7.6
Stealth        | |  2.4

Action                   |  1- 3 |  4- 6 |  7- 9 | 10-12 | 13-15 | 16-18 || total
-------------------------+-------+-------+-------+-------+-------+-------++-------
Melee: Dagger            |     3 |    31 |    22 |       |       |       ||    56
       Flail             |       |       |       |    23 |    92 |   140 ||   255
 Cast: Magic Dart        |    75 |   204 |   181 |   542 |   625 |    85 ||  1712
       Dazzling Spray    |       |    31 |     3 |    10 |     2 |     3 ||    49
       Slow              |       |     3 |       |    14 |     3 |       ||    20
       Searing Ray       |       |       |   168 |    87 |     6 |       ||   261
       Conjure Flame     |       |       |     5 |    36 |     9 |       ||    50
       Iskenderun's Myst |       |       |    11 |    43 |    14 |       ||    68
       Fulminant Prism   |       |       |       |    17 |       |       ||    17
       Iskenderun's Batt |       |       |       |    60 |   112 |    15 ||   187
       Blink             |       |       |       |    14 |    17 |       ||    31
       Bolt of Cold      |       |       |       |       |   140 |    30 ||   170
       Freezing Cloud    |       |       |       |       |   182 |    80 ||   262
       Orb of Destructio |       |       |       |       |       |   126 ||   126
       Chain Lightning   |       |       |       |       |       |     2 ||     2
       Fire Storm        |       |       |       |       |       |     1 ||     1
  Use: Scroll            |       |     5 |     7 |    21 |    21 |    13 ||    67
       Potion            |       |     5 |     2 |     2 |     4 |     7 ||    20
 Stab: Sleeping          |       |       |       |     1 |       |       ||     1
  Eat: Chunk             |       |     4 |     5 |     7 |    39 |    19 ||    74
       Buggy ration      |       |     2 |     2 |     4 |     5 |     1 ||    14
       Ration            |       |       |     2 |     1 |    10 |    14 ||    27
       Buggy jelly       |       |       |       |     1 |     5 |     3 ||     9
       Buggy fruit       |       |       |       |     3 |       |     1 ||     4
Armor: Robe              |       |    16 |    31 |    10 |       |       ||    57
       Skin              |       |    11 |     6 |       |       |       ||    17
       Steam dragon scal |       |       |       |    25 |    55 |    51 ||   131
Dodge: Dodged            |     5 |    79 |    89 |   245 |   307 |   250 ||   975
Block: Other             |       |    20 |    11 |       |       |       ||    31
       Reflection        |       |       |     4 |    28 |    30 |     4 ||    66
       Buckler           |       |       |    60 |   201 |   234 |   226 ||   721

Table legend:
 A = Spawn XP
 B = Non-spawn XP
 C = Spawn XP percentage of total XP
 D = Spawn monster count
 E = Non-spawn monster count
 F = Spawn count percentage of total count
 G = Total turns spent on level
                    A         B        C        D         E        F      G
               +---------+---------+-------+---------+---------+-------+---------
         Total |       0 |   47488 |   0.0 |       0 |      86 |   0.0 |  4990
               +---------+---------+-------+---------+---------+-------+---------
       Swamp:3 |       0 |   12520 |   0.0 |       0 |      26 |   0.0 |  1574
       Swamp:4 |       0 |   32917 |   0.0 |       0 |      56 |   0.0 |  2236
         Elf:1 |       0 |    2051 |   0.0 |       0 |       4 |   0.0 |    22
               +---------+---------+-------+---------+---------+-------+---------
